 Dungeon Crawl Stone Soup version 0.22-a0-247-gbddf880 (webtiles) character file.

20864 4thArraOfDagon the Cleaver (level 12, 0/86 HPs)
             Began as a Mummy Enchanter on Feb 24, 2018.
             Was an Initiate of Gozag.
             Hit by a javelin thrown by Rupert (14 damage)
             ... on level 14 of the Dungeon on Feb 25, 2018.
             The game lasted 00:50:23 (14392 turns).

4thArraOfDagon the Cleaver (Mummy Enchanter)       Turns: 14392, Time: 00:50:24

Health: 0/86       AC: 12    Str: 12    XL:     12   Next: 49%
Magic:  7/7        EV: 14    Int: 18    God:    Gozag
Gold:   2126       SH:  3    Dex: 13    Spells: 9/25 levels left

rFire    x . .     SeeInvis +   n - +9 war axe "Teon" {antimagic, rN+}
rCold    + . .     Gourm    .   (no shield)
rNeg     + + +     Faith    .   s - +2 robe {MR+}
rPois    ∞         Spirit   .   (no helmet)
rElec    .         Reflect  +   o - +0 cloak
rCorr    .         Harm     .   q - +0 pair of gloves
MR       ++...                  (no boots)
Stlth    ++........             h - +3 amulet of reflection
HPRegen  0.24/turn              c - ring of see invisible
MPRegen  0.10/turn              f - +6 ring of protection

@: no status effects
A: no food or potions, fire vulnerability, cold resistance 1, negative energy
resistance 3, torment resistance, unbreathing
a: Potion Petition, Call Merchant, Bribe Branch, Renounce Religion


You were on level 14 of the Dungeon.
You worshipped Gozag.
Gozag was most pleased with you.
You were not hungry.

You visited 2 branches of the dungeon, and saw 15 of its levels.

You collected 2634 gold pieces.
You spent 434 gold pieces at shops.
You paid 74 gold pieces to Gozag.

Inventory:

Hand Weapons
 d - a +2 short sword of venom
 n - the +9 war axe "Teon" (weapon) {antimagic, rN+}
   (You found it on level 5 of the Dungeon)

   It reduces the magical energy of the wielder, and disrupts the spells and
   magical abilities of those hit.
   Natural abilities and divine invocations are not affected.
   It protects you from negative energy.
 A - a +1 broad axe of chopping
Missiles
 l - 8 poisoned tomahawks (quivered)
Armour
 o - a +0 cloak (worn)
 q - a +0 pair of gloves (worn)
 s - a +2 robe of magic resistance (worn)
 u - a +1 robe of the Archmagi
Magical Staves
 b - an uncursed staff of energy {!a}
Jewellery
 c - a ring of see invisible (left hand)
 f - a +6 ring of protection (right hand)
 h - a +3 amulet of reflection (around neck)
Wands
 j - a wand of disintegration (19)
 r - a wand of digging (7)
 w - a wand of acid (1)
 x - a wand of iceblast (1)
 y - a wand of random effects (15)
 z - a wand of flame (5)
Scrolls
 a - a scroll of blinking
 e - a scroll of immolation
 g - 4 scrolls of remove curse
 i - a scroll of magic mapping
 k - 4 scrolls of teleportation
 p - 8 scrolls of identify
 t - 2 scrolls of enchant weapon
 v - a scroll of silence
 B - a scroll of enchant armour


   Skills:
 - Level 5.0 Fighting
 - Level 5.2 Short Blades
 * Level 12.9 Axes
 - Level 4.0 Armour
 - Level 4.2 Dodging
 - Level 2.4 Stealth
 - Level 7.2 Spellcasting
 - Level 3.8 Conjurations
 - Level 2.6 Hexes
 - Level 3.7 Fire Magic


You had 9 spell levels left.
You knew the following spells:

 Your Spells              Type           Power        Failure   Level  Hunger
a - Corona                Hex            ###....      3%          1    N/A
b - Ensorcelled Hibernat  Hex/Ice        ##....       9%          2    N/A
c - Confuse               Hex            ###.....     11%         3    N/A
d - Tukima's Dance        Hex            ###.....     11%         3    N/A
e - Conjure Flame         Conj/Fire      ###.....     6%          3    N/A
f - Sticky Flame          Conj/Fire      ###.....     22%         4    N/A

Dungeon Overview and Level Annotations

Branches:
Dungeon (14/15)            Temple (1/1) D:7            Lair (0/6) D:9
    Orc (0/2) D:12
 Vaults: D:13-14

Altars:
Ashenzari
Cheibriados
Dithmenos
Elyvilon
Fedhas
Gozag
Hepliaklqana
Kikubaaqudgha
Nemelex Xobeh
Okawaru
Qazlal
Ru
Sif Muna
Trog
Uskayaw
Vehumet
Wu Jian
Xom
Yredelemnul
Zin
The Shining One

Shops:
D:7 :   D:9 **

Annotations:
D:4 Menkaure
D:8 Conn321's ghost, novice OpFE
D:14 Rupert


Innate Abilities, Weirdness & Mutations

You do not eat or drink.
Your flesh is vulnerable to fire.
You are immune to poison.
Your flesh is cold resistant. (rC+)
You are immune to negative energy. (rN+++)
You are immune to unholy pain and torment.
You can survive without breathing.


Message History

The arrow hits you but does no damage.
Rupert throws a javelin.
The javelin hits you!!
The centaur shoots an arrow.
The arrow hits you.
The centaur unwields an uncursed long sword.
The centaur wields a shortbow.
The centaur shoots an arrow.
The arrow hits you but does no damage.
The centaur shoots an arrow.
The arrow misses you.
The centaur shoots an arrow.
The arrow hits you!
Things that are here:
a javelin; 6 arrows Unknown command.
Unknown command.
Unknown command.
Unknown command.
The centaur shoots an arrow.
The arrow hits you!
* * * LOW HITPOINT WARNING * * *
The centaur shoots an arrow.
The arrow hits you but does no damage.
The centaur shoots an arrow.
The arrow hits you.
* * * LOW HITPOINT WARNING * * *
Rupert throws a javelin.
The javelin hits you!
You die...
Your body crumbles into a pile of gold.

...!.....................#
.####..#######..#######..#
#..# #..# #..# #..# #..#
#..# #..# #..# #..# #..#
#..# #..#
.####..#######..#######..#
.................((.(....#
................@..(.....#
#####......%..c.....(....#
#...........c....$...#
#........c...........#
#........cc..........#
#..!.................#
###...........[..@.....#
.......................#
.......................#


You could see Rupert and 5 centaurs.

Vanquished Creatures
  Erolcha (D:10)
  4 two-headed ogres
  3 death yaks (D:9)
  The ghost of varam the Covert, a journeyman SpEn of Gozag (D:11)
  Pikel (D:8)
  A deep elf mage (D:13)
  A manticore (D:13)
  7 ugly things
  A centaur skeleton (D:11)
  A kobold demonologist (D:9)
  3 trolls
  2 meliai (D:12)
  A hornet (D:11)
  3 hippogriffs
  A shadow (D:12)
  A wyvern (D:8)
  A spriggan (D:7)
  9 yaks
  A hungry ghost (D:14)
  A basilisk (D:12)
  A soldier ant (D:11)
  A water moccasin (D:8)
  3 orc warriors
  2 ice beasts
  A black bear (D:9)
  6 ogres
  3 necrophages
  A phantom (D:8)
  10 centaurs
  10 bullfrogs
  3 big kobolds
  A gnoll sergeant (D:10)
  10 scorpions
  22 killer bees
  8 wights
  2 howler monkeys (D:10)
  4 crimson imps
  2 bullfrog zombies
  5 hounds
  An orc priest (D:7)
  14 orc wizards
  7 jellies
  A bullfrog skeleton (D:9)
  5 iguanas
  8 worker ants
  A hound zombie (D:8)
  A howler monkey zombie (D:8)
  17 gnolls
  9 adders
  2 shadow imps
  An adder skeleton (D:9)
  3 worms
  A dart slug (D:2)
  4 leopard geckos
  28 orcs
  A ball python (D:2)
  5 giant cockroaches
  5 goblins
  5 hobgoblins
  8 jackals
  A quokka (D:6)
  7 bats
  7 frilled lizards
  2 jackal skeletons
  20 kobolds
  3 rats
306 creatures vanquished.

Vanquished Creatures (others)
  A dancing weapon (D:2)
  4 slaves (D:8)
  A centaur (D:14)
  An orc wizard (D:8)
  An orc (D:8)
8 creatures vanquished.

Grand Total: 314 creatures vanquished

Notes
Turn   | Place    | Note
-------+----------+-------------------------------------------
     0 | D:1      | 4thArraOfDagon the Mummy Enchanter began the quest for the Orb.
     0 | D:1      | Reached XP level 1. HP: 13/13 MP: 4/4
    16 | D:1      | Reached skill level 1 in Short Blades
   266 | D:1      | Reached XP level 2. HP: 15/19 MP: 2/5
   312 | D:1      | Learned a level 2 spell: Ensorcelled Hibernation
   357 | D:2      | Noticed an ogre
  1393 | D:3      | Reached XP level 3. HP: 18/24 MP: 4/7
  1434 | D:3      | Learned a level 3 spell: Confuse
  1627 | D:3      | Reached XP level 4. HP: 26/30 MP: 8/8
  2188 | D:5      | Entered Level 5 of the Dungeon
  2262 | D:4      | Reached XP level 5. HP: 22/35 MP: 4/9
  2346 | D:4      | Noticed Menkaure
  2613 | D:5      | Noticed a necrophage
  2624 | D:5      | Killed a necrophage
  2624 | D:5      | Reached skill level 5 in Short Blades
  2624 | D:5      | Reached XP level 6. HP: 35/41 MP: 7/10
  2679 | D:6      | Learned a level 3 spell: Tukima's Dance
  2836 | D:7      | Found a staircase to the Ecumenical Temple.
  2843 | D:7      | Noticed an ice beast
  2847 | D:7      | Killed an ice beast
  2847 | D:7      | Reached skill level 1 in Fighting
  2847 | D:7      | Reached skill level 1 in Armour
  2851 | Temple   | Entered the Ecumenical Temple
  2938 | Temple   | Became a worshipper of Gozag Ym Sagoz the Greedy
  3537 | D:2      | Reached XP level 7. HP: 49/49 MP: 2/11
  4998 | D:4      | Identified the +1 quarterstaff "Pucitad" {venom, -Tele +Inv Int+3} (You found it on level 4 of the Dungeon)
  5532 | D:5      | Got an encrusted war axe
  5533 | D:5      | Identified the +9 war axe "Teon" {antimagic, rN+} (You found it on level 5 of the Dungeon)
  5633 | D:6      | Reached skill level 1 in Axes
  5633 | D:6      | Reached XP level 8. HP: 58/58 MP: 4/12
  5748 | D:6      | Reached skill level 2 in Axes
  6029 | D:6      | Found an ancient bone altar of Kikubaaqudgha.
  6233 | D:6      | Reached skill level 3 in Axes
  6347 | D:6      | Found a sparkling altar of Nemelex Xobeh.
  6475 | D:7      | Found a stormy altar of Qazlal.
  6640 | D:7      | Reached XP level 9. HP: 39/67 MP: 4/13
  6852 | D:7      | Found Oprats's Book Shop.
  6874 | D:7      | Reached skill level 4 in Axes
  6978 | D:7      | Reached skill level 5 in Fighting
  7162 | D:7      | You fall through a shaft!
  7547 | D:8      | Reached skill level 5 in Axes
  7675 | D:8      | Noticed Conn321's ghost (novice OpFE)
  7676 | D:8      | Noticed Pikel
  7722 | D:10     | Entered Level 10 of the Dungeon
  7725 | D:10     | Reached skill level 6 in Axes
  7752 | D:10     | Noticed Erolcha
  7817 | D:9      | Found Zin's Purification Station.
  7824 | D:9      | Found a glowing silver altar of Zin.
  7832 | D:9      | Noticed a troll
  7836 | D:9      | Killed a troll
  7836 | D:9      | Reached skill level 5 in Spellcasting
  7866 | D:9      | Noticed a death yak
  7908 | D:9      | Noticed a death yak
  7950 | D:9      | Noticed a two-headed ogre
  8050 | D:8      | Killed Pikel
  8050 | D:8      | Reached skill level 7 in Axes
  8050 | D:8      | Reached XP level 10. HP: 38/74 MP: 6/18
  8514 | D:8      | Learned a level 3 spell: Conjure Flame
  8519 | D:8      | Learned a level 4 spell: Sticky Flame
  8831 | D:8      | Reached skill level 1 in Conjurations
  8831 | D:8      | Reached skill level 1 in Fire Magic
  9285 | D:9      | Found a shadowy altar of Dithmenos.
  9387 | D:9      | Found Bepocaoh's Assorted Antiques.
  9402 | D:9      | Bought a scroll labeled ZOWUQO QIDE for 31 gold pieces
  9402 | D:9      | Bought a scroll labeled FESAUCR SUPEO for 31 gold pieces
  9402 | D:9      | Bought a gold wand for 124 gold pieces
  9402 | D:9      | Bought a bronze wand for 124 gold pieces
  9402 | D:9      | Bought a glass wand for 124 gold pieces
  9467 | D:9      | Killed a two-headed ogre
  9478 | D:9      | Noticed a death yak
  9516 | D:9      | Killed a death yak
  9516 | D:9      | Reached skill level 8 in Axes
  9516 | D:9      | Killed a death yak
  9534 | D:9      | Killed a death yak
  9534 | D:9      | Reached XP level 11. HP: 29/79 MP: 2/21
  9782 | D:9      | Found a staircase to the Lair.
 10363 | D:10     | Killed Erolcha
 10363 | D:10     | Reached skill level 9 in Axes
 10544 | D:10     | Noticed a two-headed ogre
 10551 | D:10     | Killed a two-headed ogre
 11114 | D:11     | Noticed a two-headed ogre
 11123 | D:11     | Killed a two-headed ogre
 11123 | D:11     | Reached skill level 10 in Axes
 11361 | D:11     | Found a shimmering altar of Xom.
 11802 | D:11     | Noticed varam's ghost (journeyman SpEn)
 11825 | D:11     | Killed varam's ghost
 11825 | D:11     | Reached skill level 11 in Axes
 12204 | D:12     | Found a staircase to the Orcish Mines.
 12474 | D:12     | Reached XP level 12. HP: 38/86 MP: 7/22
 12966 | D:13     | Reached skill level 12 in Axes
 13030 | D:13     | Noticed a death knight
 13035 | D:14     | Noticed a two-headed ogre
 13082 | D:14     | Killed a two-headed ogre
 13968 | D:14     | Found a deep blue altar of Sif Muna.
 14143 | D:14     | Noticed Rupert
 14392 | D:14     | Hit by a javelin thrown by Rupert

Vault maps used:
D:1:      dpeg_arrival_windows_large_door, st_stairs_10
D:2:      minmay_misc_feat_secret_circle, dk_noncrumbling_3
D:4:      minmay_cupped, uniq_menkaure
D:5:      first_ration
D:6:      hangedman_feature_mirror
D:7:      nicolae_overflow_hidden_temple, gammafunk_temple_overflow_elements,
          minmay_temple_entry_grid, serial_shops, kennysheep_mini, the_bakery
D:8:      kennysheep_ambush_hall, kennysheep_generic_room_4, uniq_pikel
D:9:      grunt_dithmenos_smoke, zin_purify, dpeg_lair_monsters, serial_shops,
          shop
D:10:     uniq_erolcha
D:11:     tgw_xom
D:12:     orc_0_dummy, special_room, uniq_azrael
D:13:     david_vaults_4
D:14:     tgw_sif, uniq_rupert
Temple:   minmay_temple_bridge_d

Skill      XL: |  1  2  3  4  5  6  7  8  9 10 11 12 |
---------------+-------------------------------------+-----
Short Blades   | 1 3 4 5 |  5.2
Fighting       | 1 3 4 5 |  5.0
Armour         | 1 2 3 4 |  4.0
Dodging        | 2 3 4 |  4.2
Axes           | 1 3 7 8 11 12 | 12.9
Spellcasting   | 5 7 |  7.2
Conjurations   | 3 |  3.8
Fire Magic     | 3 |  3.7
Stealth        | |  2.4
Hexes          | |  2.6

Action                   |  1- 3 |  4- 6 |  7- 9 | 10-12 || total
-------------------------+-------+-------+-------+-------++-------
Melee: Dagger            |    45 |       |       |       ||    45
       Short sword       |    43 |    73 |    77 |       ||   193
       War axe           |       |       |   218 |   497 ||   715
 Cast: Corona            |    15 |     4 |     8 |     3 ||    30
       Ensorcelled Hiber |     2 |    26 |    13 |       ||    41
       Confuse           |       |     1 |     2 |     6 ||     9
       Tukima's Dance    |       |       |     2 |       ||     2
       Conjure Flame     |       |       |       |    30 ||    30
       Sticky Flame      |       |       |       |     3 ||     3
Evoke: Wand              |       |       |     5 |    26 ||    31
  Use: Scroll            |       |     3 |     4 |    10 ||    17
 Stab: Sleeping          |     5 |    16 |     8 |     4 ||    33
       Confused          |       |     2 |       |     1 ||     3
       Distracted        |       |       |     2 |     3 ||     5
       Paralysed         |       |       |       |     5 ||     5
Armor: Robe              |    27 |     3 |    12 |   140 ||   182
       Ring mail         |       |       |    76 |     4 ||    80
Dodge: Dodged            |    68 |    42 |   166 |   329 ||   605
Block: Other             |       |     6 |    32 |    74 ||   112
       Reflection        |       |       |       |     7 ||     7

Table legend:
 A = Spawn XP
 B = Non-spawn XP
 C = Spawn XP percentage of total XP
 D = Spawn monster count
 E = Non-spawn monster count
 F = Spawn count percentage of total count
 G = Total turns spent on level
                    A         B        C        D         E        F      G
               +---------+---------+-------+---------+---------+-------+---------
         Total |       0 |   29806 |   0.0 |       0 |     307 |   0.0 | 14392
               +---------+---------+-------+---------+---------+-------+---------
           D:1 |       0 |      28 |   0.0 |       0 |      17 |   0.0 |  1674
           D:2 |       0 |     174 |   0.0 |       0 |      17 |   0.0 |   876
           D:3 |       0 |     165 |   0.0 |       0 |      21 |   0.0 |  1192
           D:4 |       0 |     249 |   0.0 |       0 |      11 |   0.0 |   807
           D:5 |       0 |     451 |   0.0 |       0 |      12 |   0.0 |   550
           D:6 |       0 |    1042 |   0.0 |       0 |      24 |   0.0 |  1103
           D:7 |       0 |    1119 |   0.0 |       0 |      22 |   0.0 |   801
           D:8 |       0 |    2570 |   0.0 |       0 |      25 |   0.0 |  1612
           D:9 |       0 |    6479 |   0.0 |       0 |      40 |   0.0 |  1345
          D:10 |       0 |    2824 |   0.0 |       0 |      28 |   0.0 |   654
          D:11 |       0 |    5208 |   0.0 |       0 |      44 |   0.0 |  1428
          D:12 |       0 |    2802 |   0.0 |       0 |      28 |   0.0 |   670
          D:13 |       0 |    1325 |   0.0 |       0 |       5 |   0.0 |   196
          D:14 |       0 |    5370 |   0.0 |       0 |      13 |   0.0 |  1325
               +---------+---------+-------+---------+---------+-------+---------
